 Dungeon Crawl Stone Soup version 0.20.1-1-g8b1a95d (webtiles) character file.

73 AdmiralAndromeda the Ducker (level 4, 0/40 HPs)
             Began as a Minotaur Monk on Oct 31, 2017.
             Slain by a phantom (3 damage)
             ... on level 4 of the Dungeon.
             The game lasted 00:08:14 (1858 turns).

AdmiralAndromeda the Ducker (Minotaur Monk)         Turns: 1858, Time: 00:08:15

Health: 0/40       AC:  2    Str: 16    XL:     4   Next: 8%
Magic:  3/3        EV: 14    Int:  7    God:
Gold:   108        SH:  0    Dex: 13    Spells: 3/3 levels left

rFire    . . .     SeeInvis .   a - +0 hand axe
rCold    . . .     Gourm    .   (no shield)
rNeg     . . .     Faith    .   j - +0 robe
rPois    .         Spirit   .   (helmet restricted)
rElec    .         Reflect  .   (no cloak)
rCorr    .         Harm     .   (no gloves)
MR       .....                  (no boots)
Stlth    ++........             (no amulet)
Regen    0.2/turn               (no ring)
MPRegen  0.1/turn               (no ring)

@: no status effects
A: retaliatory headbutt, horns 2
a: no special abilities


You were on level 4 of the Dungeon.
You were not hungry.

You visited 1 branch of the dungeon, and saw 4 of its levels.

You collected 108 gold pieces.

Inventory:

Hand Weapons
 a - a +0 hand axe (weapon)
Armour
 b - a +0 robe
 h - a +0 leather armour
 j - a +0 robe (worn)
Wands
 u - a wand of clouds (3/9)
Scrolls
 e - 4 scrolls of remove curse
 m - 2 scrolls of identify {unknown}
 n - a scroll of enchant armour {unknown}
 p - a scroll of immolation {unknown}
 q - a scroll of blinking {unknown}
 t - a scroll of magic mapping {unknown}
 v - a scroll of fog {unknown}
Potions
 d - 2 potions of lignification {unknown}
 g - a potion of flight {unknown}
 i - 3 potions of curing {unknown}
 l - a potion of resistance {unknown}
 s - a potion of might {unknown}
Comestibles
 c - 5 bread rations
 f - 3 meat rations
 k - 4 fruits
 o - 2 royal jellies
 r - a chunk of flesh


   Skills:
 + Level 4.1 Fighting
 + Level 4.3 Axes
 * Level 4.6 Dodging
 - Level 1.5 Stealth


You had 3 spell levels left.
You didn't know any spells.

Dungeon Overview and Level Annotations

Branches:
Dungeon (4/15)
 Temple: D:4-7

Altars:
The Shining One

Annotations:
D:3 Grinder; karf's ghost, amateur DsFi


Innate Abilities, Weirdness & Mutations

You reflexively headbutt those who attack you in melee.
You have a pair of horns on your head.


Message History

You barely miss the phantom. You headbutt the phantom.
The phantom is almost destroyed.
The phantom closely misses you.
You closely miss the phantom.
The phantom is almost destroyed.
The phantom hits you.
* * * LOW HITPOINT WARNING * * *
You hit the phantom.
The phantom is almost destroyed.
The phantom hits you.
* * * LOW HITPOINT WARNING * * *
The phantom blinks!
The phantom blinks!
You hit the phantom but do no damage.
The phantom is almost destroyed.
The phantom hits you.
* * * LOW HITPOINT WARNING * * *
The phantom blinks!
The phantom hits you.
You die...

### #.## #..#
#..# #..###
#.@W.# #.##.#
#.##.##
#.##..#####
#.........#
##.#.#.....#
#..._).....#
#..#.#......#
#...........#


You could see a phantom.

Vanquished Creatures
  An adder (D:2)
  3 oozes (D:1)
  2 worms (D:2)
  A dart slug (D:2)
  2 leopard geckos
  4 giant cockroaches
  2 goblins
  A hobgoblin (D:2)
  3 jackals (D:2)
  A quokka (D:2)
  A ball python (D:2)
  4 bats
  3 frilled lizards
  7 kobolds
  14 rats
49 creatures vanquished.

Notes
Turn   | Place    | Note
-------+----------+-------------------------------------------
     0 | D:1      | AdmiralAndromeda the Minotaur Monk began the quest for the Orb.
     0 | D:1      | Reached XP level 1. HP: 19/19 MP: 0/0
    57 | D:1      | Reached XP level 2. HP: 24/27 MP: 1/1
   278 | D:1      | Reached XP level 3. HP: 33/33 MP: 2/2
  1299 | D:2      | Reached XP level 4. HP: 32/40 MP: 3/3
  1725 | D:3      | Noticed karf's ghost (amateur DsFi)
  1729 | D:3      | Noticed Grinder
  1768 | D:4      | Noticed a phantom
  1773 | D:4      | Found a glowing golden altar of the Shining One.
  1856 | D:4      | HP: 2/40 [phantom (1)]
  1858 | D:4      | Slain by a phantom

Skill      XL: |  1  2  3 |
---------------+----------+-----
Dodging        | 4 |  4.6
Axes           | 4 |  4.3
Fighting       | 4 |  4.1
Stealth        | |  1.5

Action                   |  1- 3 |  4- 6 || total
-------------------------+-------+-------++-------
Melee: Hand axe          |    92 |    27 ||   119
       Headbutt          |    14 |     5 ||    19
  Use: Scroll            |       |     1 ||     1
 Stab: Sleeping          |     4 |       ||     4
  Eat: Chunk             |     1 |     2 ||     3
Armor: Robe              |    12 |       ||    12
Dodge: Dodged            |    65 |    19 ||    84
